[Event "*** Titled Tuesday Blitz"]
[Site "Chess.com"]
[Date "2018.06.05"]
[Round "5"]
[White "maciek_92"]
[Black "littleplotkin"]
[Result "0-1"]
[WhiteElo "2607"]
[BlackElo "2427"]
[TimeControl "180+2"]
[EndTime "14:10:11 PDT"]
[Termination "littleplotkin won by resignation"]

1. c4 g6 2. Nc3 Bg7 3. d4 d6 4. e4 Nc6 5. d5 Nd4 6. Nge2 Bg4 7. Be3 c5 8. f3 Bxf3 9. Qa4+ Kf8 10. gxf3 Nxf3+ 11. Kd1 Nf6 12. h3 a6 13. Bg2 Nh4 14. Bf1 b5 15.
Qc2 Nf3 16. cxb5 axb5 17. Nxb5 Qa5 18. Nec3 Nh5 19. Be2 Nd4 20. Bxd4 cxd4 21. Nb1 Bh6 22.
Bxh5 Qxb5 23. Be2 Qa5 24. Na3 Kg7 25. Nc4 Qb4 26. a3 Rhc8 27. Qd3 Rxc4 28. Qxc4 Qxb2 29.
Qa2 Qc3 30. a4 Rxa4 0-1

[Event "*** Titled Tuesday Blitz"]
[Site "Chess.com"]
[Date "2018.06.05"]
[Round "5"]
[White "Godzillator"]
[Black "lionheart95"]
[Result "1/2-1/2"]
[WhiteElo "2256"]
[BlackElo "2386"]
[TimeControl "180+2"]
[EndTime "14:10:13 PDT"]
[Termination "Game drawn by agreement"]

1. d4 Nf6 2. c4 g6 3. Nc3 Bg7 4. e4 d6 5. Be2 O-O 6. Bg5 c5 7.
d5 e6 8. Qd2 exd5 9. exd5 Qb6 10. Nf3 h6 11. Bf4 g5 12. Be3 Ng4 13. O-O Nxe3 14.
fxe3 Nd7 15. e4 Ne5 16. Nxe5 Bxe5 17. Kh1 Bd7 18. Rae1 Rae8 19. b3 Qa5 20. Nb1 Qxd2 21. Nxd2 Bc3 22. Rd1 Bxd2 23. Rxd2 Rxe4 24. Bd3 Re5 25.
Rdf2 f5 26. g3 Kg7 27. Kg2 Rf6 28. h4 a6 29. hxg5 hxg5 30. a4 a5 31. Bc2 g4 32.
Rf4 Rf8 33. R1f2 Kh6 34. Rxg4 fxg4 35. Rxf8 Re2+ 36. Rf2 Rxf2+ 37. Kxf2 Kg5 38. Ke3 b6 39. Bd3 Bc8 40. Bc2 Bd7 41. Bd3 Be8 42. Bc2 1/2-1/2

[Event "*** Titled Tuesday Blitz"]
[Site "Chess.com"]
[Date "2018.06.05"]
[Round "5"]
[White "Tibmat"]
[Black "colegiodemadrid"]
[Result "1-0"]
[WhiteElo "2412"]
[BlackElo "2284"]
[TimeControl "180+2"]
[EndTime "14:10:21 PDT"]
[Termination "Tibmat won by resignation"]

1. Nf3 Nf6 2. c4 g6 3. b3 Bg7 4. Bb2 O-O 5. g3 c5 6. Bg2 Nc6 7. O-O d6 8. d4 cxd4 9. Nxd4 Nxd4 10. Qxd4 Ne8 11. Qd2 Bxb2 12. Qxb2 Nf6 13. Nc3 a6 14. Rad1 Qc7 15. e4 Bg4 16. Rd2 Rac8 17. a4 Qc5 18. Re1 Qh5 19. Nd5 Nxd5 20. exd5 Rc7 21.
Rd4 Bc8 22. Rde4 Qg5 23. h4 Qf6 24. Qxf6 exf6 25. Re7 Rxe7 26. Rxe7 Rd8 27. a5 Kf8 28. Rc7 f5 29. f4 h5 30. Kf2 Kg7 31. Ke3 Kf6 32.
Kd4 Kg7 33. b4 Kf6 34. Bf3 Kg7 35. c5 Kf6 36. cxd6 Kg7 37. Kc5 Kf6 38. Bd1 Kg7 39. Ba4 Kf6 40. d7 1-0

[Event "*** Titled Tuesday Blitz"]
[Site "Chess.com"]
[Date "2018.06.05"]
[Round "5"]
[White "Shant_Sargsyan"]
[Black "BrizuelaRonald"]
[Result "1/2-1/2"]
[WhiteElo "2899"]
[BlackElo "2727"]
[TimeControl "180+2"]
[EndTime "14:10:26 PDT"]
[Termination "Game drawn by agreement"]

1. d4 Nf6 2. Nf3 d5 3. c4 e6 4. g3 Be7 5. Bg2 O-O 6. Nc3 Nbd7 7. b3 b6 8. cxd5 Nxd5 9. Nxd5 exd5 10. O-O Re8 11.
Bf4 Ba6 12. Re1 c5 13. Rc1 Nf6 14. Ne5 Bd6 15. e3 Rc8 16. h4 Qe7 17. Nd3 h6 18. Bxd6 Qxd6 19. dxc5 bxc5 20. Nf4 d4 21. exd4 cxd4 22. Rxc8 Rxc8 23. Qd2 d3 1/2-1/2

[Event "*** Titled Tuesday Blitz"]
[Site "Chess.com"]
[Date "2018.06.05"]
[Round "5"]
[White "MishkaFighter"]
[Black "Leo_C"]
[Result "1-0"]
[WhiteElo "2144"]
[BlackElo "2191"]
[TimeControl "180+2"]
[EndTime "14:10:29 PDT"]
[Termination "MishkaFighter won by resignation"]

1. c4 e6 2. Nf3 d5 3. d4 c6 4. e3 f5 5. b3 Nf6 6. Bd3 Bd6 7.
O-O Qe7 8. a4 O-O 9. Ba3 Nbd7 10.
Bxd6 Qxd6 11. Nbd2 Ne4 12. Qc2 b6 13. a5 Bb7 14.
Rfc1 Rac8 15. axb6 axb6 16. Ra7 Rc7 17. cxd5 exd5 18.
g3 Rfc8 19. Kg2 c5 20. Qb2 Bc6 21. Rxc7 Qxc7 22. h4 Qd6 23. Ng5 Nxg5 24. hxg5 g6 25. Nf3 c4 26. bxc4 dxc4 27. Bxc4+ Kg7 28. d5+ Kf8 29.
dxc6 Rxc6 30. Qh8+ 1-0

[Event "*** Titled Tuesday Blitz"]
[Site "Chess.com"]
[Date "2018.06.05"]
[Round "5"]
[White "mazetofonias"]
[Black "RichardABates"]
[Result "1-0"]
[WhiteElo "2537"]
[BlackElo "2323"]
[TimeControl "180+2"]
[EndTime "14:10:37 PDT"]
[Termination "mazetofonias won by resignation"]

1. e4 c5 2. Nf3 d6 3. d4 cxd4 4. Nxd4 Nf6 5. Nc3 a6 6. h3 e5 7. Nf3 Be7 8. a4 O-O 9. Bg5 Nbd7 10. Bc4 b6 11. Qe2 Bb7 12. Nd2 Qc7 13. Bxf6 Nxf6 14.
O-O Rfd8 15. Rad1 d5 16. exd5 Nxd5 17. Nxd5 Bxd5 18. Bxd5 Rxd5 19. Nc4 Rc5 20. Ne3 Bg5 21. Nd5 Qd8 22. c4 Rac8 23. b3 Bf6 24. Qe4 h6 25.
Rd3 Qd6 26. Rfd1 Qe6 27. Nb4 b5 28. Rd6 Qe8 29. Nxa6 bxa4 30. Nxc5 Rxc5 31. bxa4 Qxa4 32. Rd8+ 1-0

[Event "*** Titled Tuesday Blitz"]
[Site "Chess.com"]
[Date "2018.06.05"]
[Round "5"]
[White "1e41-0"]
[Black "Dr-Bassem"]
[Result "0-1"]
[WhiteElo "2412"]
[BlackElo "2676"]
[TimeControl "180+2"]
[EndTime "14:10:39 PDT"]
[Termination "Dr-Bassem won by resignation"]

1. e4 e5 2. Nf3 Nc6 3. g3 Nf6 4.
d3 d5 5. exd5 Nxd5 6. Bg2 g6 7.
O-O Bg7 8. Nc3 Nde7 9. Rb1 a5 10.
a3 O-O 11. Bd2 h6 12. b4 axb4 13. axb4 Nf5 14. b5 Ncd4 15. Nxd4 Nxd4 16. Ne2 Bg4 17. f3 Be6 18. Nxd4 Qxd4+ 19. Kh1 Ra2 20. Rb4 Qc5 21. Rh4 g5 22. Bb4 Qxc2 23. Qxc2 Rxc2 24. Bxf8 gxh4 25. Bxg7 h3 26. Bxh3 Bxh3 27. Re1 Kxg7 28. g4 Kf6 29.
Kg1 Rg2+ 30. Kh1 Rf2 0-1

[Event "*** Titled Tuesday Blitz"]
[Site "Chess.com"]
[Date "2018.06.05"]
[Round "5"]
[White "Blitzking4444"]
[Black "savinspm"]
[Result "0-1"]
[WhiteElo "2059"]
[BlackElo "2135"]
[TimeControl "180+2"]
[EndTime "14:10:46 PDT"]
[Termination "savinspm won on time"]

1. e4 e5 2. Nf3 Nc6 3. Bb5 a6 4. Ba4 Nf6 5. O-O Be7 6. d3 b5 7. Bb3 d6 8. a3 Na5 9. Ba2 c5 10. b4 cxb4 11. axb4 Nc6 12. c3 O-O 13. Nbd2 Qc7 14.
Bb2 Nd8 15. d4 Be6 16. d5 Bg4 17. Qe2 Nh5 18. h3 Nf4 19. Qe3 Bd7 20. Rfc1 Qa7 21.
Nd4 Bg5 22. Qg3 Bh6 23. N4f3 Ne2+ 0-1

[Event "*** Titled Tuesday Blitz"]
[Site "Chess.com"]
[Date "2018.06.05"]
[Round "5"]
[White "Xeniya2005"]
[Black "GameOverBro"]
[Result "1-0"]
[WhiteElo "1925"]
[BlackElo "2366"]
[TimeControl "180+2"]
[EndTime "14:10:47 PDT"]
[Termination "Xeniya2005 won by resignation"]

1. e4 d6 2. d4 Nf6 3. Nc3 e5 4. d5 Nbd7 5. Be3 Nc5 6. f3 a5 7. Nge2 Be7 8. Ng3 h5 9. Bb5+ Kf8 10. Bxc5 dxc5 11. a4 h4 12. Nge2 Nh5 13. Qd3 Bg5 14. Nd1 Qf6 15. Ne3 Bxe3 16. Qxe3 Nf4 17. Nxf4 exf4 18.
Qxc5+ Qd6 19. Qxd6+ cxd6 20. Kd2 Rh6 21. Kd3 Rg6 22.
Rhg1 f6 23. c4 b6 24. Bc6 Ra7 25. Rab1 Ke7 26. b4 Rg5 27. bxa5 bxa5 28. Rb2 Bh3 29.
Kd4 Kd8 30. c5 Kc7 31. Rgb1 dxc5+ 32. Kxc5 Rxg2 33. Rb7+ Rxb7 34. Rxb7+ Kd8 35. Kd6 Bc8 36. Rf7 1-0

[Event "*** Titled Tuesday Blitz"]
[Site "Chess.com"]
[Date "2018.06.05"]
[Round "5"]
[White "Gvalch"]
[Black "Mr_Penings"]
[Result "0-1"]
[WhiteElo "2597"]
[BlackElo "2461"]
[TimeControl "180+2"]
[EndTime "14:11:00 PDT"]
[Termination "Mr_Penings won by resignation"]

1. d4 Nf6 2. c4 d6 3. Nf3 Nbd7 4.
Bf4 g6 5. h3 Bg7 6. e3 O-O 7.
Nc3 c6 8. Be2 Qe8 9. O-O e5 10.
Bh2 Qe7 11. Rc1 e4 12. Nd2 Re8 13. Qc2 Nf8 14. b4 Bf5 15. a4 h5 16. c5 d5 17. b5 N8h7 18. Bf4 g5 19. Bd6 Qe6 20. Rfe1 h4 21. Nb3 g4 22. hxg4 Bxg4 23. Bf1 h3 24. g3 Bf3 25. Ne2 h2+ 26. Kxh2 Ng4+ 27. Kg1 Qh6 0-1

[Event "*** Titled Tuesday Blitz"]
[Site "Chess.com"]
[Date "2018.06.05"]
[Round "5"]
[White "Divertissement"]
[Black "Robert_Chessmood"]
[Result "0-1"]
[WhiteElo "2540"]
[BlackElo "2730"]
[TimeControl "180+2"]
[EndTime "14:11:01 PDT"]
[Termination "Robert_Chessmood won by resignation"]

1. d4 d5 2. Nf3 Bf5 3. Bf4 e6 4. e3 Nf6 5. Be2 c5 6. O-O Nc6 7. c3 Bd6 8. Bxd6 Qxd6 9. Nbd2 O-O 10. Qb3 c4 11. Qd1 b5 12. a3 a5 13. Nh4 Be4 14. Nxe4 Nxe4 15. Nf3 b4 16. axb4 axb4 17. Rxa8 Rxa8 18.
Nd2 Nf6 19. Qc2 Ra2 20. e4 bxc3 21. e5 Nxd4 22. Qb1 Nxe2+ 23. Kh1 Rxb2 24. exd6 Rxb1 25. Rxb1 h5 0-1

[Event "*** Titled Tuesday Blitz"]
[Site "Chess.com"]
[Date "2018.06.05"]
[Round "5"]
[White "chessking2151"]
[Black "plouarzel"]
[Result "1-0"]
[WhiteElo "2429"]
[BlackElo "2412"]
[TimeControl "180+2"]
[EndTime "14:11:03 PDT"]
[Termination "chessking2151 won by resignation"]

1. Nf3 d6 2. d4 g6 3. e4 Bg7 4. Be2 Nf6 5. Nc3 O-O 6. O-O c6 7.
Bf4 b5 8. e5 Nfd7 9. exd6 exd6 10. Bxd6 Re8 11. Bd3 Nf6 12. Bg3 b4 13. Ne2 Bg4 14. Nf4 Nd5 15. h3 Nxf4 16. hxg4 Nxd3 17. Qxd3 Nd7 18. Rfe1 Qb6 19. c3 a5 20. c4 Rad8 21.
Rad1 Nf6 22. g5 Nh5 23. Be5 a4 24. Bxg7 Nxg7 25. d5 cxd5 26. Rxe8+ Rxe8 27. cxd5 Qd6 28. Qb5 a3 29. bxa3 bxa3 30. Qc6 Rd8 31. Qxd6 Rxd6 32. Ne5 Nf5 33. Nc4 Rd7 34. d6 Ng7 35. Ne5 Rd8 36.
d7 Ne6 37. Nc6 Kf8 38. Nxd8 Nxd8 1-0

[Event "*** Titled Tuesday Blitz"]
[Site "Chess.com"]
[Date "2018.06.05"]
[Round "5"]
[White "chesstatour"]
[Black "Eliwood44"]
[Result "0-1"]
[WhiteElo "2044"]
[BlackElo "2184"]
[TimeControl "180+2"]
[EndTime "14:11:08 PDT"]
[Termination "Eliwood44 won on time"]

1. c4 Nf6 2. Nc3 e6 3. e4 d5 4. e5 Nfd7 5. cxd5 Nxe5 6. d4 Ng6 7. dxe6 Bxe6 8. d5 Bf5 9. Nge2 Bc5 10. Ng3 Qf6 11.
Bb5+ c6 12. Qe2+ Ne7 13. Nxf5 Qxf5 14. Bd3 Qf6 15. Ne4 Qd4 16. Be3 Bb4+ 17. Kf1 Qxd5 18. Bc4 Qxe4 19. a3 Bd6 20. f3 Qg6 21. Rd1 O-O 22. Bd3 Qf6 23. Qf2 Na6 24. g4 Ng6 25. g5 Qe7 26. h4 Rfe8 27. h5 Qxe3 0-1

[Event "*** Titled Tuesday Blitz"]
[Site "Chess.com"]
[Date "2018.06.05"]
[Round "5"]
[White "BlueWizzard"]
[Black "BlackBoarder"]
[Result "1-0"]
[WhiteElo "2461"]
[BlackElo "2260"]
[TimeControl "180+2"]
[EndTime "14:11:18 PDT"]
[Termination "BlueWizzard won by resignation"]

1. e4 e6 2. d4 d5 3. e5 c5 4. c3 Nc6 5. Nf3 Bd7 6. Be2 f6 7. O-O fxe5 8. Nxe5 Nxe5 9. dxe5 Qc7 10. c4 d4 11. f4 O-O-O 12. Nd2 Bc6 13. Bg4 Re8 14.
a3 Nh6 15. Bh3 Nf5 16. Nf3 g6 17. Bd2 b6 18. b4 Kb8 19. Re1 Rc8 20. Ng5 Qd7 21.
Qb3 h6 22. Ne4 Bxe4 23. Rxe4 Qc6 24. Ree1 Be7 25. g3 g5 26. Bg2 Qc7 27. Qf3 Qd7 28.
Qa8+ Kc7 29. Qxa7+ Kd8 30. Qxb6+ Qc7 31. Qxe6 Ne3 32.
Bxe3 dxe3 33. Red1+ Ke8 34. Be4 Kf8 35. Bg6 Bd8 36. Rd7 1-0

[Event "*** Titled Tuesday Blitz"]
[Site "Chess.com"]
[Date "2018.06.05"]
[Round "5"]
[White "leclash"]
[Black "krzysztofszczurek"]
[Result "0-1"]
[WhiteElo "2297"]
[BlackElo "2185"]
[TimeControl "180+2"]
[EndTime "14:11:26 PDT"]
[Termination "krzysztofszczurek won by resignation"]

1. d4 Nf6 2. c4 g6 3. Nc3 Bg7 4. e4 d6 5. Nge2 O-O 6. f3 Nbd7 7. Bg5 h6 8. Be3 e5 9. d5 Nh5 10. Qd2 Kh7 11. g4 Nhf6 12. Ng3 b6 13. h4 Ng8 14. b4 a5 15. bxa5 Rxa5 16. h5 g5 17. Bd3 Nc5 18. Kf2 Ba6 19. Nge2 Nf6 20. Rhb1 Qd7 21. Kg3 Ra8 22. Nc1 Bc8 23. Be2 Ra3 24. Nb5 Nfxe4+ 25.
fxe4 Nxe4+ 26. Kg2 Nxd2 27. Bxd2 R3a6 28. Nd3 Rxa2 29.
Rxa2 Rxa2 0-1

[Event "*** Titled Tuesday Blitz"]
[Site "Chess.com"]
[Date "2018.06.05"]
[Round "5"]
[White "TBergh98"]
[Black "nochewycandy"]
[Result "0-1"]
[WhiteElo "2186"]
[BlackElo "2111"]
[TimeControl "180+2"]
[EndTime "14:11:36 PDT"]
[Termination "nochewycandy won by resignation"]

1. d4 Nf6 2. Bg5 Ne4 3. Bf4 c5 4. f3 Nf6 5. d5 d6 6. Nc3 e6 7. e4 e5 8. Be3 a6 9. a4 g6 10. Bc4 h5 11. Qd2 Nbd7 12. Bg5 Be7 13. h4 Ng8 14. Nge2 Bxg5 15. hxg5 Rb8 16. Qd3 Qxg5 17. O-O h4 18. f4 Qe7 19. f5 Qg5 20.
fxg6 fxg6 21. Rf3 Ngf6 22. Raf1 O-O 23. Kh1 Nh7 24. Ng1 Ndf6 25. Nh3 Qh6 26. Nd1 g5 27. R3f2 Bd7 28. a5 g4 29. Ng1 Ng5 30. Qe3 Qg6 31.
Bd3 c4 32. Bxc4 Nfxe4 33. Rxf8+ Rxf8 34. Rxf8+ Kxf8 35. Ne2 Qf6 36. Ndc3 Qf1+ 37. Ng1 Nf2+ 38. Kh2 g3+ 39. Qxg3 hxg3+ 40. Kxg3 Nfe4+ 41. Kh4 Qxc4 42. Kh5 Nxc3 43. Kg6 Qf4 44. Nf3 Nxf3 45. g4 Qxg4+ 0-1

[Event "*** Titled Tuesday Blitz"]
[Site "Chess.com"]
[Date "2018.06.05"]
[Round "5"]
[White "Blackmind96"]
[Black "Korchmar_Vasiliy"]
[Result "0-1"]
[WhiteElo "2555"]
[BlackElo "2707"]
[TimeControl "180+2"]
[EndTime "14:11:41 PDT"]
[Termination "Korchmar_Vasiliy won by resignation"]

1. d4 Nf6 2. c4 g6 3. Nc3 d5 4.
Nf3 Bg7 5. Bg5 dxc4 6. e4 c5 7.
d5 b5 8. d6 O-O 9. dxe7 Qxe7 10.
e5 Qe6 11. Qe2 Nd5 12. Nxb5 Nc6 13. Qxc4 Nxe5 14. Qe4 Nxf3+ 15. gxf3 Qc6 16. O-O-O Be6 17. Bc4 Rab8 18. a4 a6 19. Rxd5 axb5 20. axb5 Qa8 21. Kc2 Rfe8 22. Rhd1 Bf5 23. Rxf5 Rxe4 0-1

[Event "*** Titled Tuesday Blitz"]
[Site "Chess.com"]
[Date "2018.06.05"]
[Round "5"]
[White "Grandelicious"]
[Black "GABUZYAN_CHESSMOOD"]
[Result "1-0"]
[WhiteElo "2628"]
[BlackElo "2590"]
[TimeControl "180+2"]
[EndTime "14:11:41 PDT"]
[Termination "Grandelicious won on time"]

1. e4 c5 2. Nf3 d6 3. d4 cxd4 4. Nxd4 Nf6 5. Nc3 a6 6. Be2 e5 7.
Nf3 Be7 8. Bg5 Be6 9. Bxf6 Bxf6 10. Qd2 Be7 11. O-O Nd7 12. Nd5 Nb6 13. Nxb6 Qxb6 14. c3 O-O 15. Rfd1 Rad8 16. Qc2 g6 17. c4 Rc8 18. Qb3 Qc6 19. Qe3 Qc5 20. Qxc5 Rxc5 21.
b3 f5 22. Nd2 Bd8 23. Bf3 Rf7 24. Nf1 Rc6 25. exf5 1-0

[Event "*** Titled Tuesday Blitz"]
[Site "Chess.com"]
[Date "2018.06.05"]
[Round "5"]
[White "JaimeSantosLatasa"]
[Black "dretch"]
[Result "1-0"]
[WhiteElo "2657"]
[BlackElo "2730"]
[TimeControl "180+2"]
[EndTime "14:11:42 PDT"]
[Termination "JaimeSantosLatasa won on time"]

1. d4 d5 2. c4 c6 3. Nf3 Nf6 4. e3 Bg4 5. h3 Bxf3 6. Qxf3 Nbd7 7. Nc3 e6 8. Bd2 Bb4 9. Bd3 O-O 10. a3 Ba5 11.
O-O e5 12. cxd5 cxd5 13. Bc2 Rc8 14. Rac1 Re8 15. b4 Bb6 16. Nxd5 Nxd5 17. Qxd5 exd4 18. exd4 Nf6 19. Qxb7 Bxd4 20. Bb3 Rxc1 21. Qxf7+ Kh8 22. Bxc1 Bxf2+ 23. Rxf2 Re1+ 24. Rf1 Qd4+ 25. Kh2 1-0

[Event "*** Titled Tuesday Blitz"]
[Site "Chess.com"]
[Date "2018.06.05"]
[Round "5"]
[White "chessdude"]
[Black "x-3738459472"]
[Result "1-0"]
[WhiteElo "2482"]
[BlackElo "2442"]
[TimeControl "180+2"]
[EndTime "14:11:44 PDT"]
[Termination "chessdude won by resignation"]

1. Nf3 Nf6 2. c4 c6 3. Nc3 d5 4. e3 Bf5 5. cxd5 cxd5 6. Qb3 Bc8 7. d4 e6 8. Bd3 Bd6 9. Bd2 O-O 10.
Ne5 Nc6 11. f4 Bd7 12. O-O a6 13. Rac1 b5 14. Qd1 b4 15. Nxd5 Bxe5 16. fxe5 Nxd5 17. Qh5 g6 18. Qh6 Nde7 19. e4 Qb6 20. Bg5 Qxd4+ 21. Kh1 Qxe5 22. Bf6 Qxf6 23. Rxf6 Ne5 24. Be2 Rac8 25.
Rff1 Bb5 26. Bxb5 axb5 27. Rxc8 Rxc8 28. Rc1 Rd8 29. Qe3 N7c6 30. h3 Nd4 31. Rd1 Nc4 32.
Rxd4 Nxe3 33. Rxd8+ Kg7 34. Rb8 Nd1 35. Rxb5 Nxb2 36. Rxb4 Nd3 37. Rc4 Kf6 38. a4 Nb2 39.
Rb4 Nd3 40. Rb5 Nf2+ 41. Kh2 Nxe4 42. a5 Nd6 43. Rb8 1-0

[Event "*** Titled Tuesday Blitz"]
[Site "Chess.com"]
[Date "2018.06.05"]
[Round "5"]
[White "Orest_Vovk"]
[Black "Caterpiller35"]
[Result "0-1"]
[WhiteElo "2390"]
[BlackElo "2359"]
[TimeControl "180+2"]
[EndTime "14:11:52 PDT"]
[Termination "Caterpiller35 won by checkmate"]

1. g4 d5 2. h3 c6 3. Bg2 e5 4. d4 h5 5. c4 dxc4 6. d5 hxg4 7. Nc3 gxh3 8. Nxh3 Nf6 9. Bg5 Qb6 10. Qd2 Nxd5 11. Nxd5 cxd5 12. Qxd5 Nc6 13. O-O-O Be6 14. Qe4 c3 15. b3 Ba3+ 16. Kc2 Nb4+ 17. Kxc3 Nxa2+ 18. Kd2 Bb4+ 19. Kd3 f6 20. Qxb7 Qd4+ 21. Kc2 Qc3+ 22. Kb1 Qxb3+ 23. Ka1 Bc3# 0-1

[Event "*** Titled Tuesday Blitz"]
[Site "Chess.com"]
[Date "2018.06.05"]
[Round "5"]
[White "saraswathii"]
[Black "AndrewDGreen"]
[Result "1-0"]
[WhiteElo "2288"]
[BlackElo "2182"]
[TimeControl "180+2"]
[EndTime "14:11:55 PDT"]
[Termination "saraswathii won on time"]

1. e4 c5 2. Nf3 g6 3. d3 Bg7 4.
g3 Nc6 5. Bg2 d6 6. O-O e5 7. c3 Nge7 8. a3 O-O 9. b4 b6 10. b5 Na5 11. c4 h6 12. Nh4 g5 13.
Nf3 Rb8 14. Bd2 Nb7 15. Nc3 f5 16. exf5 Bxf5 17. Qe2 Qd7 18. Ne1 Bh3 19. Nc2 Bxg2 20. Kxg2 Nf5 21. Nd5 Rbe8 22. a4 Nd8 23. a5 Ne6 24. axb6 axb6 25. Nxb6 Qb7+ 26. Nd5 e4 27. dxe4 Nfd4 28. Nxd4 Nxd4 29. Qh5 Rxe4 30. Rae1 Rxe1 31. Rxe1 Nf3 32. Re7 Qc8 33. Qg6 1-0

[Event "*** Titled Tuesday Blitz"]
[Site "Chess.com"]
[Date "2018.06.05"]
[Round "5"]
[White "Aryangholami"]
[Black "nihalsarin"]
[Result "0-1"]
[WhiteElo "2543"]
[BlackElo "2750"]
[TimeControl "180+2"]
[EndTime "14:11:59 PDT"]
[Termination "nihalsarin won by resignation"]

1. d4 Nf6 2. Nf3 d5 3. Bf4 e6 4. e3 Bd6 5. Bd3 O-O 6. Bg3 c5 7.
c3 Qc7 8. Nbd2 Nbd7 9. O-O e5 10.
e4 exd4 11. exd5 Bxg3 12. hxg3 dxc3 13. bxc3 Nxd5 14. Qc2 N7f6 15. Rfe1 h6 16. Re5 Be6 17. Rae1 Rad8 18. Nc4 b5 19. Na3 a6 20. Nb1 c4 21.
Bf5 Bxf5 22. Qxf5 g6 23. Qc2 Rfe8 24. a4 Rxe5 25. Rxe5 Ng4 26. Re1 Qc5 27. axb5 axb5 28. Re2 b4 29. cxb4 Nxb4 30. Qc1 Nd3 31. Qa3 Rb8 32. Qa2 Nc1 0-1

[Event "*** Titled Tuesday Blitz"]
[Site "Chess.com"]
[Date "2018.06.05"]
[Round "5"]
[White "Anton_Demchenko"]
[Black "aa175"]
[Result "1-0"]
[WhiteElo "2767"]
[BlackElo "1891"]
[TimeControl "180+2"]
[EndTime "14:12:01 PDT"]
[Termination "Anton_Demchenko won by resignation"]

1. e4 e5 2. Nf3 Nc6 3. Bc4 Nf6 4. d3 Bc5 5. Bg5 d6 6. Nbd2 h6 7. Bh4 g5 8. Bg3 Bg4 9. c3 Nh5 10. b4 Nxg3 11. hxg3 Bb6 12. a4 a5 13. b5 Ne7 14. Qb3 f5 15. Bf7+ Kf8 16. Nxg5 f4 17. gxf4 d5 18. Be6 Ng6 19. Bxg4 hxg5 20. Rxh8+ Nxh8 21. fxe5 Ng6 22. d4 Nf4 23. exd5 Nxg2+ 24. Kd1 Nf4 25. Bf3 g4 26. Be4 Qh4 27. Kc2 Qxf2 28.
Rf1 Qe3 29. d6 cxd6 30. Qe6 Qxc3+ 31. Kxc3 Rc8+ 32. Kb3 1-0

[Event "*** Titled Tuesday Blitz"]
[Site "Chess.com"]
[Date "2018.06.05"]
[Round "5"]
[White "kleinebeer98"]
[Black "Muracle"]
[Result "1-0"]
[WhiteElo "2481"]
[BlackElo "2446"]
[TimeControl "180+2"]
[EndTime "14:12:02 PDT"]
[Termination "kleinebeer98 won by resignation"]

1. e4 c5 2. Nf3 Nc6 3. c3 d6 4. d4 Nf6 5. Bd3 e5 6. h3 h6 7. O-O exd4 8. cxd4 cxd4 9. Nbd2 Be7 10. Nb3 O-O 11. Nbxd4 Ne5 12. Bf4 Nxd3 13. Qxd3 Nd7 14.
Nf5 Nc5 15. Nxe7+ Qxe7 16. Qxd6 Qxe4 17. Rfe1 Qb4 18. a3 Qa4 19. Bxh6 Nb3 20. Qg3 Bg4 21. Bxg7 Kxg7 22. Rad1 Rad8 23. Qe5+ f6 24. Qg3 Rxd1 25. Rxd1 Nc5 26. Rd4 Qb3 27. Rxg4+ Kf7 28. Qc7+ 1-0

[Event "*** Titled Tuesday Blitz"]
[Site "Chess.com"]
[Date "2018.06.05"]
[Round "5"]
[White "ENEASZ"]
[Black "gmjlh"]
[Result "0-1"]
[WhiteElo "2513"]
[BlackElo "2626"]
[TimeControl "180+2"]
[EndTime "14:12:02 PDT"]
[Termination "gmjlh won by checkmate"]

1. e4 e5 2. Nf3 Nc6 3. Bc4 Nf6 4.
Ng5 d5 5. exd5 Na5 6. Bb5+ c6 7. dxc6 bxc6 8. Be2 h6 9. Nf3 e4 10. Ne5 Bc5 11. c3 Bd6 12. Ng4 Nxg4 13. Bxg4 Qg5 14. h3 h5 15. d4 Qg6 16. Bxc8 Qxg2 17. Bd7+ Kxd7 18. Rf1 Rae8 19. Be3 f5 20. d5 f4 21.
dxc6+ Kc7 22. Qa4 Nxc6 23. Bxa7 e3 24. Na3 e2 25. Nb5+ Kd7 26. Rg1 Qxg1+ 27. Kd2 e1=Q+ 28. Kc2 Qxa1 29. Nd4 Qgd1# 0-1

[Event "*** Titled Tuesday Blitz"]
[Site "Chess.com"]
[Date "2018.06.05"]
[Round "5"]
[White "Shaman91"]
[Black "Muguet7"]
[Result "1-0"]
[WhiteElo "2558"]
[BlackElo "2319"]
[TimeControl "180+2"]
[EndTime "14:12:03 PDT"]
[Termination "Shaman91 won by resignation"]

1. e4 c5 2. Nc3 d6 3. f4 g6 4.
Nf3 Bg7 5. Bb5+ Bd7 6. Bc4 Nc6 7. O-O e6 8. d3 Nge7 9. f5 exf5 10. Qe1 Ne5 11.
exf5 Bxf5 12. Bg5 f6 13. Nxe5 dxe5 14. Be3 b6 15. Qh4 a6 16. a4 Qd7 17. Ne4 Qc6 18.
Bh6 g5 19. Qh5+ Bg6 20. Qh3 Bf5 21. Rxf5 Nxf5 22. Qxf5 Bxh6 23. Nxf6+ Kd8 24. Bd5 Qc8 25. Qxe5 Ra7 26. Qd6+ Rd7 27. Nxd7 Qxd7 28. Qxb6+ Kc8 29. Be6 1-0

[Event "*** Titled Tuesday Blitz"]
[Site "Chess.com"]
[Date "2018.06.05"]
[Round "5"]
[White "JosefineHeinemann"]
[Black "Ind1anStar"]
[Result "0-1"]
[WhiteElo "2305"]
[BlackElo "2400"]
[TimeControl "180+2"]
[EndTime "14:12:07 PDT"]
[Termination "Ind1anStar won by resignation"]

1. e4 e6 2. d4 d5 3. Nd2 Nc6 4. Ngf3 Nf6 5. e5 Nd7 6. Be2 f6 7. exf6 Qxf6 8. Nf1 Bd6 9. Ne3 O-O 10. O-O h6 11. c4 dxc4 12. Nxc4 Bf4 13. Bxf4 Qxf4 14.
Qd2 Qxd2 15. Ncxd2 Nf6 16. Rac1 Rd8 17. Nb3 a5 18. a4 Nd5 19. Bc4 Nb6 20. Bb5 Rd6 21.
Rfe1 Nb4 22. Nc5 c6 23. Bf1 N6d5 24. g3 b6 25. Ne4 Rd8 26. Bh3 Nd3 27. Rxc6 Nxe1 28.
Nxe1 Nb4 29. Bxe6+ Bxe6 30. Rxe6 Rxd4 31. Nc3 Rb8 32. Nf3 Rd3 33. Ne5 Rd2 34. Nc4 Rc2 35.
h4 Nd3 36. Nd6 Nxf2 37. Nd5 Nh3+ 38. Kh1 Rf8 39. Ne7+ Kh7 40. Ndf5 Rd8 41. Nd6 Rf8 42. Ndf5 g6 43. g4 gxf5 44. gxf5 Rd8 0-1

[Event "*** Titled Tuesday Blitz"]
[Site "Chess.com"]
[Date "2018.06.05"]
[Round "5"]
[White "Sameer555"]
[Black "DSCC1"]
[Result "1-0"]
[WhiteElo "2199"]
[BlackElo "2156"]
[TimeControl "180+2"]
[EndTime "14:12:20 PDT"]
[Termination "Sameer555 won on time"]

1. e4 d5 2. exd5 Qxd5 3. Nf3 Bg4 4. Be2 Nf6 5. O-O Nc6 6. d4 O-O-O 7. c3 e5 8. Be3 exd4 9. cxd4 Bb4 10. Nc3 Qa5 11.
Rc1 Kb8 12. h3 Bh5 13. a3 Bxc3 14. Rxc3 Rhe8 15. Qb3 Qb6 16. Qa4 Qa5 17. Qxa5 Nxa5 18. g4 Bg6 19. Ne5 Nd5 20. Rc5 b6 21. Rcc1 f6 22. b4 fxe5 23. bxa5 Nxe3 24. fxe3 exd4 25. axb6 axb6 26. Bf3 dxe3 27. Rc4 Bd3 28. Ra4 c6 29. Rc1 e2 30. Kf2 Kb7 31. Bxc6+ Kb8 32. Ra8+ 1-0

[Event "*** Titled Tuesday Blitz"]
[Site "Chess.com"]
[Date "2018.06.05"]
[Round "5"]
[White "11kevin"]
[Black "Firouzja2003"]
[Result "0-1"]
[WhiteElo "2254"]
[BlackElo "2940"]
[TimeControl "180+2"]
[EndTime "14:12:21 PDT"]
[Termination "Firouzja2003 won by checkmate"]

1. Nf3 Nf6 2. d4 g6 3. Bf4 Bg7 4. e3 O-O 5. h3 d6 6. Be2 Nc6 7. O-O Nd7 8. c3 e5 9. Bh2 f5 10. a4 g5 11. dxe5 dxe5 12. Na3 Qe7 13. Nc4 a5 14.
Qd5+ Kh8 15. Rad1 h5 16. Nfd2 g4 17. hxg4 hxg4 18. Nb3 Rf6 19. Bg3 Rh6 20. f3 Nf6 21. Qc5 Qe8 22. Nxe5 Nh5 23. Bf4 Nxf4 24. exf4 g3 25.
Rfe1 b6 26. Qxc6 Rh1+ 27. Kxh1 Qh5+ 28. Kg1 Qh2+ 29. Kf1 Qh1# 0-1